AoeStats
← Picador Criminal Mutilador

Arena

508171863Analyzed
2v2 RM · 12d ago on Sep 21, 2026· 58m 21s· 4 players
Game mode
Random Map
Map size
Medium (4 player)
Population
200
Speed
Normal
Resources
Standard
Victory
Conquest
Starting age
Dark Age
Ending age
Imperial Age
RankedLock teamsTeams togetherTeam positionsShared explorationLock speedFull tech treeHidden civsTurbo modeCheats
Victory
Defeat
1059
+14
🇲🇽 Bohemians · Mexico
1042
+15
🇦🇺 Byzantines · Australia
1020
-15
🇭🇰 Khmer · Hong Kong SAR China
1018
-14
MouldyLungz
11:30 Feudal Age
15:05 Castle Age
13:22 Double-Bit Axe
13:20 Horse Collar
15:16 Pikeman
15:56 Squires
15:51 Light Cavalry
18:11 Loom
18:57 Husbandry
29:28 Imperial Age
28:42 Heavy Plow
28:54 Stone Mining
29:05 Gold Mining
30:36 Wheelbarrow
30:13 Bow Saw
30:27 Redemption
30:18 Atonement
30:34 Block Printing
32:35 Ballistics
32:49 Fortified Wall
35:51 Elite Cataphract
37:05 Logistica
37:21 Scale Barding Armor
37:27 Forging
39:08 Forging
39:34 Chain Barding Armor
40:16 Conscription
41:13 Iron Casting
40:28 Fletching
43:13 Crop Rotation
43:46 Two-Man Saw
43:02 Hand Cart
43:12 Hussar
45:17 Plate Barding Armor
44:38 Bodkin Arrow
44:52 Thumb Ring
44:14 Elite Skirmisher
45:59 Padded Archer Armor
50:38 Chemistry
49:34 Murder Holes
49:20 Treadmill Crane
51:48 Bracer
52:03 Leather Archer Armor
FOPT_Absinthe
10:42 Feudal Age
14:05 Castle Age
13:25 Double-Bit Axe
13:33 Gold Mining
17:27 Wheelbarrow
18:42 Bow Saw
23:03 Hand Cart
23:58 Horse Collar
24:39 Stone Mining
25:07 Heavy Plow
25:26 Loom
25:27 Town Watch
29:29 Imperial Age
28:28 Bloodlines
27:42 Light Cavalry
28:23 Husbandry
29:30 Town Patrol
32:43 Scale Barding Armor
32:49 Forging
32:49 Hussar
34:24 Chain Barding Armor
34:55 Gold Shaft Mining
35:55 Chemistry
35:16 Ballistics
35:22 Conscription
36:02 Plate Barding Armor
37:00 Iron Casting
36:05 Capped Ram
36:34 Heavy Scorpion
39:55 Blast Furnace
39:27 Siege Engineers
43:42 Fletching
43:52 Scale Mail Armor
44:15 Onager
49:51 Bodkin Arrow
51:20 Pikeman
52:51 Halberdier
53:16 Arson
57:52 Double Crossbow
Black Mamba
11:04 Feudal Age
17:11 Castle Age
15:31 Double-Bit Axe
19:34 Loom
23:45 Wheelbarrow
23:58 Town Watch
27:01 Imperial Age
26:29 Bow Saw
26:57 Town Watch
28:27 Chemistry
32:03 Hand Cart
34:39 Conscription
34:33 Pikeman
35:17 Elite Hussite Wagon
35:47 Halberdier
36:49 Scale Mail Armor
37:00 Forging
36:53 Padded Archer Armor
41:35 Leather Archer Armor
41:36 Chain Mail Armor
41:57 Iron Casting
43:36 Squires
46:48 Plate Mail Armor
46:21 Horse Collar
48:23 Blast Furnace
49:19 Fletching
50:01 Ring Archer Armor
54:47 Bodkin Arrow
56:56 Heavy Scorpion
58:32 Bracer
Picador Criminal Mutilador
10:53 Feudal Age
13:53 Castle Age
11:57 Double-Bit Axe
11:53 Horse Collar
12:55 Loom
26:53 Imperial Age
25:09 Wheelbarrow
25:04 Bow Saw
25:12 Heavy Plow
25:16 Gold Mining
26:17 Hand Cart
27:49 Gold Shaft Mining
28:47 Chemistry
27:50 Double Crossbow
28:36 Crop Rotation
28:13 Heavy Scorpion
30:14 Siege Engineers
32:40 Town Watch
33:08 Bloodlines
32:58 Husbandry
32:20 Light Cavalry
33:13 Forging
33:08 Scale Barding Armor
32:55 Fletching
33:54 Conscription
33:58 Ballistics
33:50 Fortified Wall
33:50 Masonry
33:36 Murder Holes
34:29 Hoardings
34:38 Town Patrol
34:46 Caravan
35:16 Coinage
35:47 Iron Casting
35:32 Chain Barding Armor
35:39 Chain Barding Armor
35:26 Hussar
36:04 Bodkin Arrow
37:45 Blast Furnace
37:59 Stone Mining
38:44 Banking
40:02 Plate Barding Armor
39:27 Bracer
39:59 Architecture
42:54 Scale Mail Armor
42:54 Padded Archer Armor
44:00 Tusk Swords
45:48 Elite Battle Elephant
49:26 Stone Shaft Mining
50:57 Capped Ram
53:41 Scale Mail Armor
53:41 Padded Archer Armor
57:19 Chain Mail Armor
57:19 Leather Archer Armor
Connection lost

Rejoining the realm…

Still unreachable

The connection could not be restored.

Session expired

The server has moved on; the page needs a fresh start.